 Dungeon Crawl Stone Soup version 0.22-a0-558-gc224181 (webtiles) character file.

70 kae the Insei (level 4, -1/33 HPs)
             Began as a Demonspawn Transmuter on June 26, 2018.
             Killed from afar by Sigmund (4 damage)
             ... with a puff of flame
             ... on level 3 of the Dungeon.
             The game lasted 00:01:43 (2543 turns).

kae the Insei (Demonspawn Transmuter)               Turns: 2543, Time: 00:01:44

Health: -1/33      AC:  4    Str: 10    XL:     4   Next: 3%
Magic:  7/7        EV: 12    Int: 14    God:
Gold:   133        SH:  0    Dex: 15    Spells: 1/7 levels left

rFire    . . .     SeeInvis .   h - +1 whip (flame)
rCold    . . .     Gourm    .   (no shield)
rNeg     . . .     Faith    .   g - +0 leather armour
rPois    .         Spirit   .   (no helmet)
rElec    .         Reflect  .   e - +0 cloak
rCorr    .         Harm     .   (no gloves)
MR       .....                  (boots currently unavailable)
Stlth    +.........             (no amulet)
HPRegen  0.11/turn              (no ring)
MPRegen  0.10/turn              (no ring)

@: appendage (expiring)
A: talons 3, rot immunity
a: End Transformation


You were on level 3 of the Dungeon.
You were hungry.
You had grown temporary talons.
You visited 1 branch of the dungeon, and saw 3 of its levels.

You collected 133 gold pieces.

Inventory:

Hand Weapons
 h - a +1 whip of flaming (weapon)
Missiles
 a - 10 arrows
Armour
 b - a +0 robe
 e - a +0 cloak (worn)
 g - a +0 leather armour (worn)
Scrolls
 c - 2 scrolls of enchant weapon {unknown}
 f - 2 scrolls of identify {unknown}
 j - 4 scrolls of teleportation {unknown}
 k - 2 scrolls of remove curse {unknown}
 l - a scroll of amnesia {unknown}
 m - a scroll of magic mapping {unknown}
 n - a scroll of noise {unknown}
Comestibles
 d - 3 rations
 i - 5 chunks of flesh


   Skills:
 + Level 1.7 Fighting
 - Level 1.7 Dodging
 * Level 3.3 Unarmed Combat
 + Level 2.4 Spellcasting
 * Level 2.6 Transmutations


You had one spell level left.
You knew the following spells:

 Your Spells              Type           Power        Failure   Level  Hunger
a - Beastly Appendage     Tmut           #.....       11%         1    #......
b - Sticks to Snakes      Tmut           #.......     16%         2    ###....
c - Spider Form           Tmut/Pois      #.........   47%         3    ###....

Your spell library contained the following spells:

 Spells                   Type           Power        Failure   Level  Hunger
 Blade Hands              Tmut           #.........   96%         5    ######.
 Ice Form                 Ice/Tmut       #.......     87%         4    #####..


Dungeon Overview and Level Annotations

Branches:
Dungeon (3/15)

Altars:
Makhleb

Annotations:
D:3 Sigmund


Innate Abilities, Weirdness & Mutations

You are immune to rotting.
You have claws for feet.


Message History

The worm bites you.
You hit the worm. You burn the worm. You claw the worm.
The worm is moderately wounded.
Your transformation is almost over.
The worm bites you!
You hit the worm. You burn the worm. You claw the worm.
The worm is severely wounded.
You hit the worm but do no damage.
The worm is severely wounded.
Sigmund gestures at you while chanting. You resist with some effort.
The worm bites you!
You are too injured to fight recklessly!
You are too injured to fight recklessly!
You are too injured to fight recklessly!
You are too injured to fight recklessly!
The worm bites you!
* * * LOW HITPOINT WARNING * * *
Sigmund points at you and mumbles some strange words.
The puff of flame hits you!
You die...

#.......# #..>....#
#. ##...<.## #.
##.....#####..#
#............#
#.......#..####
#.............
##.....#..#.###.#
....#
##.....@).......
.... ####..w...####
#.# ... #......$..#
...#.#.#
#####...@.##.###.#..
#........#......
###.##.###......
#######.#..###......
$...............###.
#######.##.###.. #..


You could see Sigmund and a worm.

Vanquished Creatures
  3 adders (D:2)
  A dart slug (D:2)
  3 leopard geckos
  An orc (D:3)
  A ball python (D:3)
  10 bats
  A giant cockroach (D:2)
  3 goblins
  5 hobgoblins
  A quokka (D:2)
  2 frilled lizards (D:2)
  A kobold (D:2)
  7 rats
39 creatures vanquished.

Notes
Turn   | Place    | Note
-------+----------+-------------------------------------------
     0 | D:1      | kae the Demonspawn Transmuter began the quest for the Orb.
     0 | D:1      | Reached XP level 1. HP: 15/15 MP: 3/3
   762 | D:1      | Gained mutation: You are immune to rotting. [demonic ancestry]
   762 | D:1      | Reached XP level 2. HP: 21/21 MP: 5/5
  1140 | D:2      | Reached skill level 3 in Unarmed Combat
  1279 | D:2      | Reached XP level 3. HP: 26/26 MP: 4/6
  1642 | D:2      | Learned a level 2 spell: Sticks to Snakes
  1656 | D:2      | Learned a level 3 spell: Spider Form
  2159 | D:2      | Found a burning altar of Makhleb.
  2197 | D:3      | Noticed Sigmund
  2412 | D:3      | Reached XP level 4. HP: 21/33 MP: 7/7
  2543 | D:3      | Killed from afar by Sigmund

Vault maps used:
D:1:      lightli_iron_boxes, patterned_corridor
D:2:      wad_pebble_path, lightli_temple_of_fire
D:3:      ebering_ghost_sewer_f, uniq_sigmund

Skill      XL: |  1  2 |
---------------+-------+-----
Transmutations | 2 |  2.6
Unarmed Combat | 3 |  3.3
Fighting       | |  1.7
Dodging        | |  1.7
Spellcasting   | |  2.4

Action                   |  1- 3 |  4- 6 || total
-------------------------+-------+-------++-------
Melee: Unarmed           |     9 |       ||     9
       Whip              |   113 |     5 ||   118
       Headbutt          |     6 |       ||     6
       Kick              |     2 |     2 ||     4
       Punch             |     2 |       ||     2
 Cast: Beastly Appendage |    12 |     1 ||    13
       Sticks to Snakes  |     2 |       ||     2
  Use: Potion            |     2 |       ||     2
 Stab: Sleeping          |     1 |       ||     1
  Eat: Chunk             |     5 |       ||     5
Armor: Leather armour    |    57 |       ||    57
       Robe              |     2 |       ||     2
Dodge: Dodged            |   117 |       ||   117

Table legend:
 A = Spawn XP
 B = Non-spawn XP
 C = Spawn XP percentage of total XP
 D = Spawn monster count
 E = Non-spawn monster count
 F = Spawn count percentage of total count
 G = Total turns spent on level
                    A         B        C        D         E        F      G
               +---------+---------+-------+---------+---------+-------+---------
         Total |       0 |     100 |   0.0 |       0 |      39 |   0.0 |  2543
               +---------+---------+-------+---------+---------+-------+---------
           D:1 |       0 |      13 |   0.0 |       0 |       6 |   0.0 |  1023
           D:2 |       0 |      71 |   0.0 |       0 |      22 |   0.0 |  1307
           D:3 |       0 |      16 |   0.0 |       0 |      11 |   0.0 |   213
               +---------+---------+-------+---------+---------+-------+---------
